 Dungeon Crawl Stone Soup version 0.31-a0-854-g362426d53f (webtiles) character file.

Game seed: 13382681099502341490

112 Fodor the Covered (level 4, -1/41 HPs)
             Began as a Minotaur Fighter on Oct 8, 2023.
             Slain by a gnoll
             ... wielding a +0 halberd
              (12 damage)
             ... on level 3 of the Dungeon.
             The game lasted 00:08:02 (2170 turns).

Fodor the Covered (Minotaur Fighter)                Turns: 2170, Time: 00:08:02

Health: -1/41      AC:  8    Str: 22    XL:     4   Next: 63%
Magic:  3/3        EV:  9    Int:  5    God:
Gold:   100        SH:  4    Dex: 10    Spells: 3/3 levels left

rFire   . . .        s - +0 war axe
rCold   . . .        c - +0 buckler
rNeg    . . .        b - +0 scale mail
rPois   .            (helmet restricted)
rElec   .            (no cloak)
rCorr   .            l - +0 pair of gloves
SInv    .            (no boots)
Will    .....        (no amulet) Stlth
                     (no ring)
HPRegen 0.26/turn    (no ring)
MPRegen 0.08/turn

%: no passive effects
@: no status effects
A: horns 2, retaliatory headbutt
a: no special abilities


You were on level 3 of the Dungeon.
You visited 1 branch of the dungeon, and saw 3 of its levels.

You collected 100 gold pieces.

Inventory:

Hand Weapons
 s - a +0 war axe (weapon)
Missiles
 k - 5 poisoned darts (quivered)
Armour
 b - a +0 scale mail (worn)
 c - a +0 buckler (worn)
 l - a +0 pair of gloves (worn)
Jewellery
 a - a ring of magical power
Scrolls
 e - a scroll of enchant armour {unknown}
 h - 2 scrolls of fear {unknown}
 i - 2 scrolls of butterflies {unknown}
 j - a scroll of amnesia {unknown}
 o - 2 scrolls of teleportation {unknown}
 q - a scroll of identify {unknown}
 r - a scroll of immolation {unknown}
Potions
 d - a potion of might
 f - a potion of degeneration {unknown}
 g - a potion of experience {unknown}
 m - a potion of berserk rage {unknown}
 n - a potion of ambrosia {unknown}
 p - 2 potions of brilliance {unknown}


   Skills:
 + Level 4.4 Fighting
 + Level 3.6 Long Blades
 + Level 0.6 Axes
 + Level 4.5 Armour
 + Level 0.9 Dodging
 + Level 0.2 Stealth
 + Level 4.2 Shields


You had 3 spell levels left.
You didn't know any spells.
Your spell library contained the following spells:

 Spells                   Type           Power      Damage    Failure   Level
 Magic Dart               Conj           0%         1d3       86%         1
 Summon Small Mammal      Summ           0%         N/A       86%         1
 Call Imp                 Summ           0%         N/A       94%         2
 Scorch                   Fire           0%         2d5       94%         2
 Call Canine Familiar     Summ           0%         N/A       99%         3
 Mephitic Cloud           Conj/Pois/Air  0%         N/A       99%         3
 Summon Guardian Golem    Hex/Summ       0%         N/A       99%         3
 Flame Wave               Conj/Fire      0%         2d4       100%        4
 Summon Cactus Giant      Summ           0%         N/A       100%        6


Dungeon Overview and Level Annotations

Branches:
Dungeon (3/15)

Altars:

Annotations:
D:3 Sigmund


Innate Abilities, Weirdness & Mutations

You have a pair of horns on your head.
You reflexively headbutt those who attack you in melee.


Message History

The endoplasm quivers.
A gnoll comes into view. It is wielding a +0 whip.
The gnoll shouts!
Sigmund the Dreaded comes into view.
He is wielding a +0 scythe.
The gnoll closely misses you.
Sigmund shouts!
You hit the gnoll.
The gnoll is lightly wounded.
A gnoll comes into view. It is wielding a +0 club.
The gnoll hits you with a +0 spear.
You hit the gnoll.
The gnoll is moderately wounded.
You block the gnoll's attack. The gnoll closely misses you.
You completely miss the gnoll. You headbutt the gnoll!
The gnoll is almost dead.
The gnoll hits you with a +0 spear. The gnoll completely misses you.
You hit the gnoll but do no damage.
The gnoll is almost dead.
You block the gnoll's attack.
You hit the gnoll.
You kill the gnoll!
Sigmund says, "Look into my eyes."
The gnoll hits you with a +0 flail! The gnoll closely misses you.
You slash the gnoll!
The gnoll is severely wounded.
Sigmund casts a spell.
Sigmund flickers and vanishes!
Deactivating autopickup; reactivate with Ctrl-A.
The gnoll closely misses you. You furiously retaliate!
You headbutt the gnoll!
You kill the gnoll!
The gnoll closely misses you. Something hits you!
The gnoll hits you but does no damage.
Things that are here:
a +0 flail; a +0 spear You hit the gnoll.
The gnoll is moderately wounded.
The gnoll closely misses you. Something hits you.
* * * LOW HITPOINT WARNING * * *
The gnoll hits you with a +0 halberd!
You die...

.......#
..####.###########
...###...........#
..........######.#
...###..#.# #.#
..## #..#.# #.#
.#####..#.# #.#
........#.# #.#
..####.##.# #@#
#......##.# #g#
..###### #{# .##
## #g# .### .


ggJ ...##.# ... ##..#.# ... #....# ###.# ##..### You could see 4 gnolls and an
endoplasm.

Vanquished Creatures
  A hound (D:2)
  2 gnolls (D:3)
  An adder (D:2)
  A worm (D:2)
  2 dart slugs
  An orc (D:3)
  3 ball pythons
  4 bats
  4 endoplasms
  3 giant cockroaches (D:1)
  4 hobgoblins
  4 quokkas
  3 frilled lizards (D:1)
  4 goblins
  4 kobolds
  3 rats
44 creatures vanquished.

Notes
Turn   | Place    | Note
-------+----------+-------------------------------------------
     0 | D:1      | Fodor the Minotaur Fighter began the quest for the Orb.
     0 | D:1      | Reached XP level 1. HP: 19/19 MP: 0/0
   149 | D:1      | Reached XP level 2. HP: 26/27 MP: 1/1
  1330 | D:2      | Reached XP level 3. HP: 29/33 MP: 2/2
  1722 | D:2      | Found a faded altar of an unknown god.
  1731 | D:2      | Reached XP level 4. HP: 32/41 MP: 3/3
  2162 | D:3      | Noticed Sigmund
  2170 | D:3      | Slain by a gnoll

Illustrated notes

Levels and vault maps discovered:
D:1:      zaba_arrival_water, layout_rooms
D:2:      layout_loops_corners, shapermc_ecumenical_altar_notcrosses
D:3:      layout_loops_ring, chequers_temple_overflow_statue_of_worship,
          uniq_sigmund

Skill      XL: |  1  2  3 |
---------------+----------+-----
Shields        | 4 |  4.2
Armour         | 4 |  4.5
Fighting       | 4 |  4.4
Long Blades    | 3 |  3.6
Axes           | |  0.6
Dodging        | |  0.9
Stealth        | |  0.2

Action                     |  1- 3 |  4- 6 || total
---------------------------+-------+-------++-------
  Melee: Long sword        |    65 |       ||    65
         Headbutt          |     4 |     4 ||     8
         War axe           |    15 |    32 ||    47
 Armour: Scale mail        |    69 |    32 ||   101
  Dodge: Dodged            |    44 |    20 ||    64
  Block: Buckler           |    17 |     7 ||    24

Table legend: (Time is in decaauts)
 A = Elapsed time spent in this place.
 B = Non-inter-level travel time spent in this place.
 C = Inter-level travel time spent in this place.
 D = Time resting spent in this place.
 E = Time spent auto-exploring this place.
 F = Levels seen in this place.
 G = Mean time per level.
                   A        B        C        D        E       F      G
               +--------+--------+--------+--------+--------+-----+--------+
         Total |   2221 |   2198 |     23 |    500 |      0 |   3 |  740.3 |
       Dungeon |   2221 |   2198 |     23 |    500 |      0 |   3 |  740.3 |
               +--------+--------+--------+--------+--------+-----+--------+

Top non-repeatable levels by time:
     D:1: 1101 daAuts
     D:2: 999 daAuts
     D:3: 120 daAuts
